 Dungeon Crawl Stone Soup version 0.28-a0-1510-gd0f6b136d3 (webtiles) character file.

Game seed: 15468475463497844954

56 horus123 the Poker (level 3, -5/30 HPs)
             Began as a Merfolk Monk on Jan 15, 2022.
             Slain by a gnoll (14 damage)
             ... on level 2 of the Dungeon.
             The game lasted 00:02:17 (1434 turns).

horus123 the Poker (Merfolk Monk)                   Turns: 1434, Time: 00:02:18

Health: -5/30      AC:  2    Str: 13    XL:     3   Next: 95%
Magic:  3/3        EV: 13    Int:  9    God:
Gold:   36         SH:  0    Dex: 16    Spells: 2/2 levels left

rFire   . . .      SeeInvis .   d - +0 trident
rCold   . . .      Faith    .   (no shield)
rNeg    . . .      Spirit   .   b - +0 robe
rPois   .          Reflect  .   (no helmet)
rElec   .          Harm     .   (no cloak)
rCorr   .          Rampage  .   (no gloves)
Will    .....                   (no boots)
Stlth   ++........              (no amulet)
HPRegen 0.10/turn               (no ring)
MPRegen 0.08/turn               (no ring)

@: no status effects
A: (nimble swimmer 2), mertail
a: no special abilities


You were on level 2 of the Dungeon.
You visited 1 branch of the dungeon, and saw 2 of its levels.

You collected 36 gold pieces.

Inventory:

Hand Weapons
 a - a +0 spear
 d - a +0 trident (weapon)
Armour
 b - a +0 robe (worn)
Potions
 c - a potion of degeneration {unknown}


   Skills:
 - Level 4.0 Fighting
 + Level 6.2 Polearms
 - Level 4.0 Dodging
 - Level 2.1 Stealth


You had 2 spell levels left.
You didn't know any spells.
Your spell library was empty.

Dungeon Overview and Level Annotations

Branches:
Dungeon (2/15)

Altars:


Innate Abilities, Weirdness & Mutations

((You are very nimble when in or above water. (Stealth+, EV+, Speed+++)))
Your lower body shifts to a powerful aquatic tail in water.


Message History

A gnoll comes into view. It is wielding a +0 flail.
You reach to attack!
The gnoll shouts! x2
You hit the gnoll.
The gnoll is almost dead.
The gnoll misses you.
You reach to attack!
You puncture the gnoll!
You kill the gnoll!
Your Polearms skill increases to level 6!
Reach: d) +0 trident
Press: ? - help, Dir - move target, f - gnoll
Aim: a gnoll, wielding a +0 flail (about 32% to evade your +0 trident)
You reach to attack!
You puncture the gnoll!
The gnoll is almost dead.
Reach: d) +0 trident
Press: ? - help, Dir - move target, f/p - gnoll
Aim: a gnoll, wielding a +0 flail (almost dead, about 32% to evade your +0 trident)
You barely miss the gnoll.
The gnoll is almost dead.
The gnoll hits you with a +0 flail.
Reach: d) +0 trident
Press: ? - help, Dir - move target, f/p - gnoll
Aim: a gnoll, wielding a +0 flail (almost dead, about 32% to evade your +0 trident)
You closely miss the gnoll.
The gnoll is almost dead.
The gnoll hits you with a +0 flail!
Reach: d) +0 trident
Press: ? - help, Dir - move target, f/p - gnoll
Aim: a gnoll, wielding a +0 flail (almost dead, about 32% to evade your +0 trident)
You hit the gnoll but do no damage.
The gnoll is almost dead.
The gnoll hits you with a +0 flail!
* * * LOW HITPOINT WARNING * * *
Reach: d) +0 trident
Press: ? - help, Dir - move target, f/p - gnoll
Aim: a gnoll, wielding a +0 flail (almost dead, about 32% to evade your +0 trident)
You hit the gnoll but do no damage.
The gnoll is almost dead.
The gnoll hits you with a +0 flail!
You die...

####.....#...#
#....#'#.#...#
#.##.#.#.....#
#.##.#.##..(.#
#.##.#.##....#
#.##.#.......#
#.##.####..#.#
#..........#.#
#######....#@#
#[..>#g#
#..###g# #..#
#g# #..# #.#
#..# #)# #..#
#.# #.. ..<


You could see 3 gnolls.

Vanquished Creatures
  A gnoll (D:2)
  4 orcs (D:2)
  6 bats
  2 giant cockroaches
  8 goblins
  3 hobgoblins (D:1)
  2 quokkas (D:1)
  2 ball pythons
  5 frilled lizards
  3 kobolds
  4 rats (D:1)
40 creatures vanquished.

Notes
Turn   | Place    | Note
-------+----------+-------------------------------------------
     0 | D:1      | horus123 the Merfolk Monk began the quest for the Orb.
     0 | D:1      | Reached XP level 1. HP: 18/18 MP: 1/1
     6 | D:1      | Noticed a five-headed hydra
     7 | D:1      | Noticed a komodo dragon
     7 | D:1      | Noticed an anaconda
    82 | D:1      | Reached skill level 5 in Polearms
    86 | D:1      | Reached XP level 2. HP: 22/24 MP: 2/2
   399 | D:1      | Reached XP level 3. HP: 30/30 MP: 3/3
  1427 | D:2      | Reached skill level 6 in Polearms
  1434 | D:2      | Slain by a gnoll

Illustrated notes

Levels and vault maps discovered:
D:1:      onia_arrival_zoo_common, layout_basic
D:2:      layout_basic, shapermc_ecumenical_altar_starsandcircs

Skill      XL: |  1  2  3 |
---------------+----------+-----
Polearms       | 5 6 |  6.2
Fighting       | 4 |  4.0
Dodging        | |  4.0
Stealth        | |  2.1

Action                   || total
-------------------------++-------
Melee: Spear             ||   131
       Punch             ||     5
       Trident           ||    16
 Stab: Sleeping          ||     7
Armor: Robe              ||    15
Dodge: Dodged            ||    63

Table legend: (Time is in decaauts)
 A = Elapsed time spent in this place.
 B = Non-inter-level travel time spent in this place.
 C = Inter-level travel time spent in this place.
 D = Time resting spent in this place.
 E = Time spent auto-exploring this place.
 F = Levels seen in this place.
 G = Mean time per level.
                   A        B        C        D        E       F      G
               +--------+--------+--------+--------+--------+-----+--------+
         Total |   1411 |   1398 |     13 |    258 |    886 |   2 |  705.5 |
       Dungeon |   1411 |   1398 |     13 |    258 |    886 |   2 |  705.5 |
               +--------+--------+--------+--------+--------+-----+--------+

Top non-repeatable levels by time:
     D:2: 767 daAuts
     D:1: 643 daAuts
